 Dungeon Crawl Stone Soup version 0.31-a0-1066-g35875b34c7 (webtiles) character file.

Game seed: 12895895665910273572

67 Maratek the Trooper (level 4, 0/41 HPs)
             Began as a Minotaur Fighter on Nov 22, 2023.
             Succumbed to an orc's poison
             ... on level 3 of the Dungeon.
             The game lasted 00:01:59 (1650 turns).

Maratek the Trooper (Minotaur Fighter)              Turns: 1650, Time: 00:01:59

Health: 0/41       AC:  9    Str: 23    XL:     4   Next: 0%
Magic:  3/3        EV: 10    Int:  5    God:
Gold:   59         SH:  4    Dex:  9    Spells: 3/3 levels left

rFire   . . .        a - +1 trident
rCold   x . .        c - +0 buckler
rNeg    . . .        t - +2 ring mail "Eqiqolla" {rElec rC- Will+ Stlth+}
rPois   .            (helmet restricted)
rElec   +            (no cloak)
rCorr   .            (no gloves)
SInv    .            p - +0 pair of boots
Will    +....        (no amulet)
Stlth   +            (no ring)
HPRegen 0.26/turn    (no ring)
MPRegen 0.08/turn

%: no passive effects
@: mighty, lethally poisoned (0 -> -11)
A: horns 2, retaliatory headbutt
a: no special abilities


You were on level 3 of the Dungeon.
You visited 1 branch of the dungeon, and saw 3 of its levels.

You collected 59 gold pieces.

Inventory:

Hand Weapons
 a - a +1 trident (weapon)
Armour
 c - a +0 buckler (worn)
 p - a +0 pair of boots (worn)
 t - the +2 ring mail "Eqiqolla" (worn) {rElec rC- Will+ Stlth+}
   (You found it on level 2 of the Dungeon)

   rC-:       It makes you vulnerable to cold.
   rElec:     It insulates you from electricity.
   Will+:     It increases your willpower.
   Stlth+:    It makes you more stealthy.
Jewellery
 q - a ring of fire
Scrolls
 g - a scroll of vulnerability
Potions
 f - 2 potions of mutation {unknown}
 h - 2 potions of degeneration {unknown}
 j - a potion of enlightenment {unknown}
 l - a potion of curing {unknown}
 r - a potion of cancellation {unknown}


   Skills:
 + Level 4.4 Fighting
 + Level 3.3 Polearms
 + Level 4.2 Armour
 + Level 4.3 Shields


You had 3 spell levels left.
You didn't know any spells.
Your spell library was empty.

Dungeon Overview and Level Annotations

Branches:
Dungeon (3/15)

Altars:

Annotations:
D:3 Grinder


Innate Abilities, Weirdness & Mutations

You have a pair of horns on your head.
You reflexively headbutt those who attack you in melee.


Message History

Grinder misses you. You furiously retaliate!
You headbutt Grinder.
You have reached level 4!
You feel stronger.
The orc shouts!
You puncture Grinder!
Grinder is moderately wounded.
You feel very sick.
The orc throws a poisoned dart.
You block the poisoned dart.
Grinder blinks!
Unknown command.
You reach to attack!
You barely miss the orc.
You feel sick. Grinder gestures at you.
You easily resist.
The orc misses you. You furiously retaliate!
You headbutt the orc. The orc hits you but does no damage.
You are more poisoned.
The orc hits you with a +0 club.
Unknown command.
You are too injured to fight recklessly!
Unknown command.
You are too injured to fight recklessly!
Unknown command.
You are too injured to fight recklessly!
You feel very mighty all of a sudden.
You feel very sick. The orc hits you but does no damage.
You are lethally poisoned!
The orc hits you with a +0 club.
Grinder says, "Tell me all your secrets, or I'll kill you."
The orc closely misses you.
* * * LOW HITPOINT WARNING * * *
You feel very sick. The orc hits you but does no damage.
The orc attacks as it pursues you! The orc hits you but does no damage.
* * * LOW HITPOINT WARNING * * *
You feel very sick. The orc attacks as it pursues you!
You block the orc's attack. The orc attacks as it pursues you!
The orc hits you but does no damage.
* * * LOW HITPOINT WARNING * * *
You feel very sick.
The orc throws a poisoned dart.
The poisoned dart barely misses you.
You die...

####### ### ##.....#....
##...........
##########............
##.....#........5......
##.............oo.......
#...............o.......
#...<..<......o.........
#...........@...........
#....>.............#....
#...........>...#####..#
##........†......# #..
##.....#.....##...
#####.####### ##.# #.#
.# #.# #.#


You could see Grinder and 4 orcs.

Vanquished Creatures
  An adder (D:2)
  2 dart slugs (D:1)
  6 ball pythons
  3 bats
  4 endoplasms
  2 giant cockroaches (D:1)
  4 goblins
  6 hobgoblins
  9 jackals
  2 quokkas (D:2)
  A frilled lizard (D:1)
  4 kobolds
  2 rats (D:2)
46 creatures vanquished.

Notes
Turn   | Place    | Note
-------+----------+-------------------------------------------
     0 | D:1      | Maratek the Minotaur Fighter began the quest for the Orb.
     0 | D:1      | Reached XP level 1. HP: 19/19 MP: 0/0
   158 | D:1      | Reached XP level 2. HP: 22/27 MP: 1/1
   577 | D:1      | Reached XP level 3. HP: 33/33 MP: 2/2
  1317 | D:2      | Identified the +2 ring mail "Eqiqolla" {rElec rC- Will+
                  | Stlth+}
  1636 | D:3      | Noticed Grinder
  1644 | D:3      | Reached XP level 4. HP: 26/41 MP: 3/3
  1650 | D:3      | Succumbed to an orc's poison

Illustrated notes

Levels and vault maps discovered:
D:1:      amcnicky_arrival_double_pillar, layout_basic, item_on_display_a
D:2:      layout_loops_ring
D:3:      layout_rooms, lemuel_crystal_altar, serial_shops, shop, uniq_grinder

Skill      XL: |  1  2 |
---------------+-------+-----
Fighting       | 4 |  4.4
Armour         | 4 |  4.2
Shields        | 4 |  4.3
Polearms       | 3 |  3.3

Action                     |  1- 3 |  4- 6 || total
---------------------------+-------+-------++-------
  Melee: Trident           |   105 |     2 ||   107
         Headbutt          |    10 |       ||    10
    Use: Scroll            |     7 |       ||     7
         Potion            |       |     1 ||     1
 Armour: Scale mail        |    39 |       ||    39
         Ring mail         |     6 |     7 ||    13
  Dodge: Dodged            |    28 |     3 ||    31
  Block: Buckler           |    11 |     2 ||    13

Table legend: (Time is in decaauts)
 A = Elapsed time spent in this place.
 B = Non-inter-level travel time spent in this place.
 C = Inter-level travel time spent in this place.
 D = Time resting spent in this place.
 E = Time spent auto-exploring this place.
 F = Levels seen in this place.
 G = Mean time per level.
                   A        B        C        D        E       F      G
               +--------+--------+--------+--------+--------+-----+--------+
         Total |   1668 |   1547 |    121 |    100 |   1181 |   3 |  556.0 |
       Dungeon |   1668 |   1547 |    121 |    100 |   1181 |   3 |  556.0 |
               +--------+--------+--------+--------+--------+-----+--------+

Top non-repeatable levels by time:
     D:2: 874 daAuts
     D:1: 754 daAuts
     D:3: 39 daAuts
